 Dungeon Crawl Stone Soup version 0.32-a0-841-g4648e6c457 (webtiles) character file.

Game seed: 9725425486233210351

157741 growler the Warrior (level 17, -3/122 HPs)
             Began as a Vampire Enchanter on Mar 20, 2024.
             Was the Champion of Wu Jian.
             Slain by a shock serpent (11 damage)
             ... on level 2 of the Snake Pit on Mar 27, 2024.
             The game lasted 02:30:17 (35957 turns).

growler the Warrior (Vampire Enchanter)            Turns: 35957, Time: 02:30:18

Health: -3/122     AC: 21    Str: 11    XL:     17   Next: 13%
Magic:  8/21       EV: 21    Int: 20    God:    Wu Jian [******]
Gold:   2740       SH: 17    Dex: 19    Spells: 12/22 levels left

rFire   . . .        J - +5 dagger (venom)
rCold   + + .        a - +0 kite shield
rNeg    + + +        x - +3 ring mail
rPois   ∞            K - +1 helmet of the Dropbear {Dex+3}
rElec   .            s - +2 cloak
rCorr   .            t - +2 pair of gloves
SInv    +            W - +0 pair of boots {Stlth+}
Will    +....        T - amulet of reflection
Stlth   ++++++       e - +5 ring of evasion
HPRegen 0.00/turn    b - ring of flight
MPRegen 0.17/turn

%: reflection
@: flying, bloodless, inhibited regen, studying Armour
A: bloodless, fangs 3, see invisible, vampiric 2
a: Bat Form, Revivify, Renounce Religion, Wall Jump, Serpent's Lash, Heavenly
Storm


You were on level 2 of the Snake Pit.
You worshipped Wu Jian.
Wu Jian was exalted by your worship.
You visited 6 branches of the dungeon, and saw 28 of its levels.
You also visited: Sewer.

You collected 2905 gold pieces.
You spent 165 gold pieces at shops.

Inventory:

Hand Weapons
 J - a +5 dagger of venom (weapon)
 X - a +0 rapier of venom
Armour
 a - a +0 kite shield (worn)
 j - a +2 pair of boots
 s - a +2 cloak (worn)
 t - a +2 pair of gloves (worn)
 x - a +3 ring mail (worn)
 K - the +1 helmet of the Dropbear (worn) {Dex+3}
   (You found it on level 7 of the Dungeon)

   Dex+3:     It affects your dexterity (+3).
 W - a +0 pair of boots of stealth (worn)
Jewellery
 b - a ring of flight (right hand)
 e - a +5 ring of evasion (left hand)
 E - a ring of willpower
 L - an amulet of the acrobat
 T - an amulet of reflection (around neck)
Wands
 p - a wand of digging (6)
 y - a wand of flame (41)
 D - a wand of acid (33)
 M - a wand of polymorph (14)
 P - a wand of iceblast (7)
 R - a wand of charming (33)
 V - a wand of mindburst (12)
Scrolls
 d - 2 scrolls of vulnerability
 k - 4 scrolls of teleportation
 m - 4 scrolls of poison
 o - 7 scrolls of enchant weapon
 q - 3 scrolls of immolation
 v - 3 scrolls of summoning
 z - 3 scrolls of revelation
 B - a scroll of enchant armour
 I - 3 scrolls of fog
 O - a scroll of blinking
 Q - a scroll of fear
 S - 3 scrolls of torment
 Y - 19 scrolls of identify
Potions
 c - 3 potions of invisibility
 f - 2 potions of cancellation
 g - 10 potions of curing
 h - a potion of resistance
 l - 3 potions of magic
 n - 5 potions of ambrosia
 r - 5 potions of lignification
 u - 5 potions of heal wounds
 w - 4 potions of berserk rage
 A - 4 potions of brilliance
 C - 4 potions of attraction
 F - 4 potions of mutation
 H - 2 potions of enlightenment
 N - 3 potions of haste
 U - 2 potions of might
Miscellaneous
 i - a lightning rod (4/4)
 Z - a phial of floods


   Skills:
 + Level 19.0 Fighting
 - Level 10.0 Short Blades
 - Level 10.0 Armour
 - Level 13.7 Dodging
 - Level 8.0 Stealth
 + Level 10.6 Shields
 - Level 3.0 Spellcasting
 - Level 12.0 Hexes


You had 12 spell levels left.
You knew the following spells:

 Your Spells              Type           Power      Damage    Failure   Level
a - Ensorcelled Hibernat  Hex/Ice        54%        N/A       10%         2
b - Confusing Touch       Hex            50%        N/A       1%          3
c - Tukima's Dance        Hex            50%        N/A       1%          3
d - Jinxbite              Hex            100%       N/A       1%          2

Your spell library contained the following spells:

 Spells                   Type           Power      Damage    Failure   Level
 Slow                     Hex            100%       N/A       1%          1
 Sigil of Binding         Hex            50%        N/A       1%          3
 Dazzling Flash           Conj/Hex       54%        N/A       19%         3
 Inner Flame              Hex/Fire       27%        N/A       19%         3
 Anguish                  Hex/Necr       13%        N/A       54%         4
 Dimensional Bullseye     Hex/Tloc       13%        N/A       54%         4
 Apportation              Tloc           6%         N/A       58%         1
 Foxfire                  Conj/Fire      12%        2x1d4     58%         1
 Necrotise                Necr           12%        1d4       58%         1
 Blink                    Tloc           6%         N/A       75%         2
 Call Imp                 Summ           6%         N/A       75%         2
 Lesser Beckoning         Tloc           6%         N/A       75%         2
 Momentum Strike          Conj/Tloc      6%         3d8       75%         2
 Sublimation of Blood     Necr           3%         N/A       75%         2
 Call Canine Familiar     Summ           3%         N/A       92%         3
 Fugue of the Fallen      Necr           3%         N/A       92%         3
 Hailstorm                Conj/Ice       3%         3d5       92%         3
 Passwall                 Erth           3%         N/A       92%         3
 Summon Ice Beast         Ice/Summ       3%         N/A       92%         3
 Swiftness                Air            3%         N/A       92%         3
 Vampiric Draining        Necr           3%         2d6       92%         3
 Martyr's Knell           Necr/Summ      3%         N/A       100%        4
 Alistair's Intoxication  Alch           2%         N/A       100%        5
 Borgnjor's Vile Clutch   Necr/Erth      1%         N/A       100%        5
 Curse of Agony           Necr           3%         N/A       100%        5
 Irradiate                Conj/Alch      1%         3d12      100%        5
 Eringya's Noxious Bog    Alch           1%         4d6       100%        6
 Permafrost Eruption      Ice/Erth       1%         2x4d2     100%        6
 Plasma Beam              Fire/Air       1%         2x1d11    100%        6
 Sculpt Simulacrum        Ice/Alch       1%         N/A       100%        6
 Starburst                Conj/Fire      1%         6d3       100%        6
 Summon Hydra             Summ           1%         N/A       100%        7
 Ignition                 Fire           1%         3d3       100%        8


Dungeon Overview and Level Annotations

Branches:
Dungeon (15/15)            Temple (1/1) D:5            Lair (5/5) D:11
  Swamp (3/4) Lair:3        Snake (2/4) Lair:2        Slime (0/5) Lair:4
    Orc (2/2) D:10            Elf (0/3) Orc:2        Vaults (0/5) D:14
 Depths (0/4) D:15          Sewer (visited)

Altars:
Ashenzari
Cheibriados
Dithmenos
Fedhas
Gozag
Hepliaklqana
Kikubaaqudgha
Makhleb
Nemelex Xobeh
Okawaru
Qazlal
Ru
Sif Muna
Trog
Uskayaw
Vehumet
Wu Jian
Xom
Yredelemnul
Jiyva

Shops:
D:9 [(?*   D:12 !   D:14 (   Orc:2 [*[?

Portals:
Trove: D:13 (give +3 ice dragon scales)

Annotations:
D:13 1 runed translucent door
D:15 2 transporters, Boicepta's ghost, journeyman DsGl


Innate Abilities, Weirdness & Mutations

You do not regenerate when monsters are visible.
You are frail without blood (-20% HP).
You can heal yourself when you bite living creatures.
You are immune to poison.
You have razor-sharp teeth.
You have supernaturally acute eyesight. (SInv)
You are afflicted with vampirism and can become a bat while bloodless.


Message History

The mana viper closely misses the black mamba.
The mana viper closely misses itself.
The shock serpent shoots out a bolt of lightning at you!
The bolt of electricity hits you! The bolt of electricity hits you!!
* * * LOW HITPOINT WARNING * * *
A black mamba comes into view.
As you read the scroll of fear, it crumbles to dust.
You assume a fearsome visage.
The mana viper resists with almost no effort.
The black mamba looks frightened! x2; The shock serpent looks frightened!
The mana viper bites the shock serpent!
The mana viper's attack snaps the shock serpent out of its fear.
The shock serpent's electric aura discharges, shocking the mana viper!
The mana viper bites itself!
Found a runed spear.
You see here a +0 leather armour.
The shock serpent attacks as it pursues you!
The shock serpent misses you.
Casting: Confusing Touch (safe; 1% risk of failure)
Confirm with . or Enter, or press ? or * to list all spells.
Aiming: Ensorcelled Hibernation (safe; 10% risk of failure)
Press: ? - help, Shift-Dir - straight line, f - shock serpent
Aim: a shock serpent (heavily wounded, very poisoned, chance to affect: 40%)
The shock serpent resists with some effort.
The shock serpent bites you but does no damage.
The shock serpent shoots out a bolt of lightning at you!
The bolt of electricity hits you!
* * * LOW HITPOINT WARNING * * *
The bolt of electricity misses you.
You spin and attack the shock serpent repeatedly.
You hit the shock serpent.
The shock serpent looks even sicker.
The shock serpent is severely wounded.
You closely miss the shock serpent.
The shock serpent is severely wounded.
The shock serpent's electric aura discharges, shocking you!
* * * LOW HITPOINT WARNING * * *
The shock serpent bites you.
* * * LOW HITPOINT WARNING * * *
The shock serpent shocks you!
You die...

...#......###...
#.....##....###.. .
.......#..#...###+
.. ##..##....##..#
...##.######.....#
............##.#
#..#####.#####
#...####.....#
......#@S...S..S.###
.)......####.......#
##.####.# #...#.....
.. #.##.......... #
#.#...........
#.#...).>.....
#.#..[(.......
#.##..........
##...#.....


You could see a shock serpent (very poisoned) and a mana viper (confused).

Vanquished Creatures
  Frances (D:14)
  Kirke (D:12)
  2 fenstrider witches
  A very ugly thing (D:15)
  5 bunyips
  6 eleionomae
  A dire elephant (D:15)
  2 shambling mangroves
  7 vault guards (D:14)
  A catoblepas (Lair:4)
  11 hydras
  Erolcha (D:11)
  An ogre mage (Orc:2)
  3 ghost crabs (Swamp:3)
  A spriggan air mage (Swamp:2)
  7 alligators
  2 anacondas (Snake:1)
  3 boulder beetles
  7 centaur warriors
  8 two-headed ogres
  17 death yaks
  2 hell hogs (Lair:5)
  A tengu warrior (D:15)
  2 shock serpents (Snake:1)
  7 orc high priests
  A naga warrior (Snake:1)
  8 naga sharpshooters
  6 spriggans
  A skyshark (Lair:5)
  4 skeletal warriors (D:14)
  5 goliath frogs
  4 mana vipers (Snake:1)
  A spriggan druid (Lair:3)
  9 orc knights
  4 bog bodies
  2 lindwurms
  A death drake (Swamp:3)
  2 naga ritualists (Snake:1)
  4 swamp dragons
  2 harpies (shapeshifter) (D:13)
  2 deep elf pyromancers
  A will-o-the-wisp (Swamp:3)
  10 ugly things
  4 salamanders
  4 cyclopes
  Maurice (Orc:1)
  2 orc sorcerers (Orc:1)
  2 manticores
  16 black mambas
  2 kobold blastminers (Orc:1)
  3 molten gargoyles (Lair:5)
  A torpor snail (Lair:4)
  11 cane toads
  A gargoyle (D:12)
  2 naga magi (Snake:1)
  A rime drake (D:11)
  A yaktaur (D:15)
  12 komodo dragons
  6 kobold demonologists (D:11)
  2 freezing wraiths (D:15)
  An efreet (D:15)
  A troll (shapeshifter) (D:15)
  3 tengu conjurers (D:15)
  6 polar bears
  13 hornets
  8 trolls
  10 tyrant leeches
  10 blink frogs
  12 dream sheep
  A shadow (D:11)
  Sigmund (D:2)
  3 slime creatures (D:15)
  2 vampires
  5 wyverns
  70 yaks
  5 basilisks
  A steam dragon (Lair:5)
  5 wraiths
  A warg (Orc:2)
  2 hogs (D:12)
  3 humans (D:14)
  12 vampire mosquitoes
  8 swamp worms
  14 nagas
  An acid dragon (D:14)
  5 hell hounds
  14 water moccasins
  32 orc warriors
  A swamp drake (Swamp:3)
  5 sky beasts
  4 black bears
  2 ice beasts
  2 laughing skulls (D:14)
  8 ogres
  13 wolves
  2 crocodiles (shapeshifter)
  3 centaurs
  4 kobold brigands
  4 bullfrogs
  2 brain worms (Sewer)
  2 gnoll sergeants
  4 scorpions
  9 wights
  A jelly (D:5)
  14 killer bees
  5 howler monkeys
  4 electric eels
  5 lava snakes (Lair:5)
  3 hounds
  34 orc priests
  3 iguanas
  19 orc wizards
  3 sleepcaps
  9 adders
  12 gnolls
  A river rat (Sewer)
  3 white imps
  2 ufetubi (D:6)
  2 ribbon worms
  2 dart slugs
  103 orcs
  9 ball pythons
  4 giant cockroaches
  12 goblins
  8 hobgoblins
  2 jackals (D:5)
  21 kobolds
  4 quokkas
  8 bats
  11 frilled lizards
  6 rats
862 creatures vanquished.

Vanquished Creatures (others)
  A vault guard (D:14)
  A human (D:14)
  2 orc wizards
  6 foxfires (Swamp:3)
10 creatures vanquished.

Grand Total: 872 creatures vanquished

Notes
Turn   | Place    | Note
-------+----------+-------------------------------------------
     0 | D:1      | growler the Vampire Enchanter began the quest for the Orb.
     0 | D:1      | Reached XP level 1. HP: 13/13 MP: 3/3
   183 | D:1      | Reached XP level 2. HP: 19/19 MP: 5/5
   191 | D:1      | Reached skill level 5 in Hexes
   559 | D:1      | Gained mutation: You are afflicted with vampirism and can
                  | become a bat while bloodless. [Vampire growth]
   559 | D:1      | Reached XP level 3. HP: 24/24 MP: 7/7
   806 | D:1      | Learned a level 2 spell: Ensorcelled Hibernation
   873 | D:2      | Noticed Sigmund
   880 | D:2      | Killed Sigmund
   881 | D:2      | Reached XP level 4. HP: 30/30 MP: 8/8
   881 | D:2      | Reached XP level 5. HP: 35/35 MP: 9/9
   898 | D:2      | Learned a level 3 spell: Confusing Touch
  1467 | D:3      | Reached skill level 1 in Fighting
  2363 | D:4      | Reached XP level 6. HP: 18/44 MP: 0/10
  2521 | D:4      | Noticed an ice beast
  2538 | D:3      | Learned a level 3 spell: Tukima's Dance
  2564 | D:4      | Killed an ice beast
  2565 | D:4      | Reached skill level 2 in Fighting
  2697 | D:4      | Reached XP level 7. HP: 23/51 MP: 11/11
  2786 | D:4      | Found a hide-covered altar of Uskayaw.
  2825 | D:4      | Reached skill level 3 in Fighting
  3240 | D:5      | Entered Level 5 of the Dungeon
  3645 | D:5      | Found a glowing drain.
  3713 | Sewer    | Entered a sewer
  3835 | Sewer    | Reached skill level 4 in Fighting
  3835 | Sewer    | Reached skill level 5 in Short Blades
  4441 | D:5      | Found a staircase to the Ecumenical Temple.
  4464 | Temple   | Entered the Ecumenical Temple
  4465 | Temple   | Upgraded the game from 0.32-a0-791-gfc315c9ecd to
                  | 0.32-a0-799-g95e1662365
  4465 | Temple   | Upgraded the game from 0.32-a0-799-g95e1662365 to
                  | 0.32-a0-834-geaf45d8e21
  4766 | D:5      | Found a faded altar of an unknown god.
  4768 | D:5      | Found a hazy altar of Hepliaklqana.
  4775 | D:5      | Reached XP level 8. HP: 58/61 MP: 1/12
  5414 | D:6      | Reached skill level 5 in Stealth
  5536 | D:6      | Reached skill level 5 in Fighting
  5907 | D:6      | Found a basalt altar of Yredelemnul.
  6119 | D:6      | Identified the +7 hand axe of Soloekhu {pain, Dex+4}
  6268 | D:6      | Reached XP level 9. HP: 54/54 MP: 4/13
  6409 | D:7      | Identified the +1 helmet of the Dropbear {Dex+3}
  6953 | D:7      | Reached skill level 10 in Short Blades
  7813 | D:8      | Found a snail-covered altar of Cheibriados.
  7837 | D:7      | Reached skill level 6 in Fighting
  8085 | D:8      | Reached skill level 5 in Dodging
  8103 | D:8      | Found a radiant altar of Vehumet.
  8304 | D:8      | Found a broken altar of Ashenzari.
  8359 | D:8      | Found a sacrificial altar of Ru.
  8490 | D:8      | Found a shimmering blue altar of Sif Muna.
  8517 | D:9      | Noticed a troll
  8519 | D:9      | Killed a troll
  8547 | D:9      | Reached XP level 10. HP: 53/61 MP: 14/14
  8827 | D:9      | Reached skill level 7 in Fighting
  8915 | D:9      | Found Xyavvusy's Antique Armour Shop.
  8915 | D:9      | Found Ijul's Magic Scroll Shop.
  8919 | D:9      | Found Xiz Uwum's Antique Weapon Shop.
  8920 | D:9      | Found Xack's Assorted Antiques.
  9209 | D:9      | Found an ornate altar of the Wu Jian Council.
  9215 | D:9      | Became a worshipper of the Wu Jian Council
  9344 | D:10     | Entered Level 10 of the Dungeon
  9721 | D:10     | Found a burning altar of Makhleb.
  9763 | D:10     | Reached skill level 8 in Fighting
  9808 | D:10     | Found a staircase to the Orcish Mines.
  9810 | D:10     | Reached * piety under Wu Jian
 10186 | D:11     | Noticed a two-headed ogre
 10201 | D:11     | Killed a two-headed ogre
 10287 | D:11     | Found a staircase to the Lair.
 10361 | D:11     | Reached skill level 9 in Fighting
 10425 | D:11     | Noticed a two-headed ogre
 10463 | D:11     | Reached XP level 11. HP: 48/71 MP: 9/15
 10467 | D:11     | Killed a two-headed ogre
 11007 | D:11     | Noticed Erolcha
 11015 | D:11     | Killed Erolcha
 11047 | D:11     | Noticed a soul eater
 11058 | D:11     | Noticed a sun demon
 11062 | D:11     | Reached skill level 10 in Dodging
 11092 | D:11     | Noticed a sun demon
 11502 | Lair:1   | Entered Level 1 of the Lair of Beasts
 11521 | Lair:1   | Noticed a lindwurm
 11527 | Lair:1   | Killed a lindwurm
 11528 | Lair:1   | Reached skill level 10 in Fighting
 11720 | Lair:1   | Reached ** piety under Wu Jian
 11908 | Lair:1   | Identified the +3 hand axe of Aluto {protect, rElec rC+
                  | Str+3}
 12557 | Lair:2   | Reached skill level 11 in Fighting
 12616 | Lair:2   | Reached XP level 12. HP: 80/80 MP: 16/16
 12845 | Lair:2   | Reached *** piety under Wu Jian
 12864 | Lair:2   | Found a staircase to the Snake Pit.
 13347 | Lair:2   | Noticed a death yak
 13347 | Lair:2   | Noticed a death yak
 13348 | Lair:2   | Noticed a death yak
 13348 | Lair:2   | Noticed a death yak
 13349 | Lair:2   | Noticed a death yak
 13386 | Lair:2   | Killed a death yak
 13387 | Lair:2   | Reached skill level 12 in Fighting
 13390 | Lair:2   | Learned a level 2 spell: Jinxbite
 13432 | Lair:2   | Noticed a death yak
 13466 | Lair:1   | Killed a death yak
 13505 | Lair:1   | Killed a death yak
 13857 | Lair:2   | Killed a death yak
 13867 | Lair:2   | Killed a death yak
 13872 | Lair:2   | Killed a death yak
 14139 | Lair:3   | Reached skill level 1 in Armour
 14341 | Lair:3   | You fall into a shaft and drop 2 floors!
 14341 | Lair:5   | Entered Level 5 of the Lair of Beasts
 14367 | Lair:5   | Reached **** piety under Wu Jian
 14531 | Lair:3   | Identified the +5 falchion "Mides" {venom, rN+ Int+2}
 14876 | Lair:3   | Noticed an eight-headed hydra
 14878 | Lair:3   | Killed an eight-headed hydra
 14878 | Lair:3   | Reached XP level 13. HP: 87/87 MP: 17/17
 14908 | Lair:3   | Reached skill level 13 in Fighting
 15056 | Lair:3   | Found a staircase to the Swamp.
 15510 | Lair:4   | Found a viscous altar of Jiyva.
 15780 | Lair:4   | Reached skill level 5 in Armour
 16011 | Lair:4   | Found a staircase to the Slime Pits.
 16687 | Lair:4   | Reached skill level 14 in Fighting
 17739 | Lair:4   | Reached XP level 14. HP: 72/96 MP: 14/18
 18218 | Lair:5   | Found a large runed translucent door.
 18220 | Lair:5   | Found a large runed translucent door.
 18274 | Lair:5   | Reached ***** piety under Wu Jian
 18275 | Lair:5   | Reached skill level 15 in Fighting
 18276 | Lair:5   | HP: 3/98 [lava snake/glob of lava (15)]
 19504 | Orc:1    | Entered Level 1 of the Orcish Mines
 19772 | Orc:2    | Entered Level 2 of the Orcish Mines
 19905 | Orc:2    | Paralysed by an ogre mage for 4 turns
 20189 | Orc:2    | Noticed Maurice
 20212 | Orc:1    | Maurice stole 633 gold
 20217 | Orc:1    | Maurice stole a ring of willpower
 20223 | Orc:1    | Killed Maurice
 20375 | Orc:2    | Found a staircase to the Elven Halls.
 21886 | Orc:2    | Reached skill level 16 in Fighting
 21986 | Orc:2    | Found Pax Ace's Magic Scroll Boutique.
 21989 | Orc:2    | Found Sosisy's General Store.
 21992 | Orc:2    | Found Eqofoargh's Armour Boutique.
 21993 | Orc:2    | Found Zasol's Armour Boutique.
 22855 | D:12     | Reached skill level 10 in Armour
 23032 | Orc:2    | Bought a +0 kite shield for 45 gold pieces
 23194 | D:12     | Found Obomment's Distillery.
 23205 | D:12     | Reached XP level 15. HP: 77/104 MP: 7/19
 23291 | D:12     | Bought a potion of resistance for 120 gold pieces
 23371 | D:12     | Noticed Kirke
 23431 | D:12     | Killed Kirke
 23432 | D:12     | Reached skill level 1 in Shields
 24027 | D:13     | Found a runed translucent door.
 24031 | D:13     | Noticed a profane servitor
 24031 | D:13     | Noticed a profane servitor
 24042 | D:13     | Found the +1 eveningstar "Brilliance" {foul flame, Umbra}
 24492 | D:13     | Noticed a profane servitor
 24551 | D:13     | Found a portal to a secret trove of treasure.
 24771 | D:14     | Found Erirux's Antique Weapon Shoppe.
 24821 | D:14     | Reached skill level 10 in Hexes
 24946 | D:14     | Reached ****** piety under Wu Jian
 25068 | D:14     | Noticed Frances
 25184 | D:14     | Killed Frances
 25596 | D:14     | Found a gate to the Vaults.
 26303 | D:14     | Reached skill level 5 in Shields
 26317 | D:14     | Reached skill level 17 in Fighting
 26471 | D:14     | Found Erirux's Antique Weapon Shoppe.
 26824 | D:14     | Found a gate to the Vaults.
 26952 | D:15     | Entered Level 15 of the Dungeon
 27423 | D:15     | Noticed Boicepta's ghost (journeyman DsGl)
 27434 | D:15     | Found a transporter.
 27437 | D:15     | Identified the +3 great mace of the Many Wishes {vamp,
                  | rPois rF+ rCorr}
 27438 | D:15     | Found a transporter.
 27445 | D:15     | Found a radiant altar of Vehumet.
 27480 | D:15     | Found a staircase to the Depths.
 28512 | Swamp:1  | Entered Level 1 of the Swamp
 28787 | Swamp:1  | Reached XP level 16. HP: 112/112 MP: 17/20
 29204 | Swamp:1  | Identified the +11 hand axe of the Grave {heavy, rF+ rC+
                  | Int+3}
 29551 | Swamp:1  | Paralysed by a fenstrider witch for 3 turns
 30130 | Swamp:1  | Upgraded the game from 0.32-a0-834-geaf45d8e21 to
                  | 0.32-a0-841-g4648e6c457
 30597 | Swamp:2  | Found a sparkling altar of Nemelex Xobeh.
 31033 | Swamp:3  | Reached skill level 18 in Fighting
 33724 | Snake:1  | Entered Level 1 of the Snake Pit
 34150 | Snake:1  | Reached skill level 10 in Shields
 34770 | Snake:1  | Reached XP level 17. HP: 112/120 MP: 17/21
 35511 | Snake:1  | Reached skill level 19 in Fighting
 35957 | Snake:2  | Slain by a shock serpent

Illustrated notes

Levels and vault maps discovered:
D:1:      giann_forest_graveyard, layout_loops_ring, st_stairs_5
D:2:      layout_rooms, guppyfry_early_orc_mine, uniq_sigmund
D:3:      layout_rooms, serial_co_window_serial, co_window_cross_1,
          co_window_of_opportunity_a, co_window_corner_a, co_window_paths_b,
          co_window_paths_a, co_window_paths_b, co_window_paths_a,
          co_window_corner_a, co_window_paths_a, co_window_of_opportunity_b,
          co_window_paths_c, co_window_2corner, co_window_of_opportunity_c,
          co_window_4corner_b, glass_columns_a, glass_columns_b,
          glass_columns_a, glass_columns_a, glass_columns_a
D:4:      layout_rooms, nicolae_uskayaw_suspiria, minmay_gold_behind_fungi,
          corexii_shack, st_stairs_11
D:5:      layout_loops_corners, beargit_hepliaklqana_dungeon_heroes,
          minmay_temple_entry_ruins, gup_sewer_entry_glass
D:6:      layout_basic, lemuel_coloured_pillars_altar
D:7:      layout_cave_pools, st_stairs_9
D:8:      layout_rooms, hangedman_ru_absence, lemuel_blue_sif_altar,
          mainiacjoe_overflow_six_doors_small, mainiacjoe_overflow_chevrons,
          kennysheep_slug_shrine, serial_corexii_hall,
          chequers_hall_statues_wall_a, chequers_hall_statues_y
D:9:      layout_cave_pools, nzn_wu_jian_council_hall, minmay_shop_grid_forest
D:10:     layout_loops_ring, general_overflow_altar, hiddenorc1_lemuel
D:11:     layout_stronghold, hellmonk_lair_entry_icy, gauntlet_entry_generic,
          kennysheep_diamond, uniq_erolcha
D:12:     layout_roguey, serial_shops, nicolae_shop_trees, uniq_kirke
D:13:     layout_long_grid, nicolae_trove_entry_crystal,
          minmay_guarded_unrand_brilliance
D:14:     layout_irregular_city, ximxim_vaults_locker_room, serial_shops, shop,
          uniq_frances
D:15:     hangedman_depths_entry_try_elsewhere_first, layout_loops_ring,
          fiery_altar_vehumet, gammafunk_ghost_smash, minmay_fractal_squares_5
Temple:   hc_temple_tempest_star
Lair:1:   layout_chaotic_city
Lair:2:   layout_hall_layers, minmay_snake_entry_guardpost_medium
Lair:3:   layout_gridlike, mainiacjoe_swamp_entry_lozenge_pond,
          hangedman_lair_generics_rect
Lair:4:   layout_gridlike, slime_entry_2
Lair:5:   cheibrodos_lair_end_hotspot, layout_gridlike,
          infiniplex_staircase_pool
Swamp:1:  layout_basic_swamp, nicolae_swamp_orc_logging_accident, swamp_pool_1_2
Swamp:2:  layout_basic_swamp, lemuel_altar_in_water
Swamp:3:  nzn_winding_woodlands_three_and_one
          [nzn_winding_woodlands_5x15_concentric,
          nzn_winding_woodlands_5x15_crooked,
          nzn_winding_woodlands_5x15_sidewinder,
          nzn_winding_woodlands_center_garden], layout_basic_swamp,
          serial_swamp_ruin, evilmike_swamp_ruin_house_4,
          hangedman_swamp_ruin_hall, evilmike_swamp_ruin_house_2
Snake:1:  layout_grid_maze
Snake:2:  layout_rooms, portal_ice_cave_entry_pillars_2, grunt_megastairs_2,
          serial_bayou_shore_b, uniq_vashnia
Orc:1:    layout_diamond_mine
Orc:2:    st_orc_pillars, layout_caves, uniq_maurice

Skill      XL: |  1  2  3  4  5  6  7  8  9 10 11 12 13 14 15 16 17 |
---------------+----------------------------------------------------+-----
Hexes          | 5 8 12 | 12.0
Spellcasting   | 3 |  3.0
Fighting       | 1 2 4 5 6 9 11 12 14 16 17 18 19 | 19.0
Short Blades   | 2 3 5 8 10 | 10.0
Stealth        | 8 |  8.0
Dodging        | 5 9 11 13 | 13.7
Armour         | 2 7 10 | 10.0
Shields        | 6 10 | 10.6

Action                     |  1- 3 |  4- 6 |  7- 9 | 10-12 | 13-15 | 16-18 || total
---------------------------+-------+-------+-------+-------+-------+-------++-------
  Melee: Dagger            |    86 |   300 |   489 |  1103 |  2846 |  1218 ||  6042
         Bite              |     7 |    35 |    53 |   162 |   480 |   225 ||   962
   Cast: Confusing Touch   |       |     3 |    15 |    20 |    71 |    80 ||   189
         Ensorcelled Hiber |       |     3 |   107 |    25 |    76 |    23 ||   234
         Jinxbite          |       |       |       |     1 |     1 |       ||     2
         Tukima's Dance    |       |       |       |       |     2 |       ||     2
 Invoke: Serpent's Lash    |       |       |       |     2 |    19 |    10 ||    31
Ability: Exsanguinate      |       |       |     1 |       |     1 |       ||     2
         Lunge             |       |       |       |    50 |   148 |    64 ||   262
         Whirlwind         |       |       |       |   277 |   721 |   286 ||  1284
         Revivify          |       |       |       |       |     1 |       ||     1
  Evoke: Wand              |       |       |       |     1 |     3 |     8 ||    12
         Lightning rod     |       |       |       |       |       |     1 ||     1
         Phial of floods   |       |       |       |       |       |     1 ||     1
    Use: Scroll            |       |     3 |    10 |    21 |     5 |     5 ||    44
         Potion            |       |       |     1 |       |     3 |     2 ||     6
   Stab: Sleeping          |     3 |     4 |    69 |    40 |    62 |    27 ||   205
         Confused          |       |     2 |    13 |    18 |    96 |    80 ||   209
         Distracted        |       |       |     1 |       |     2 |     2 ||     5
         Petrified         |       |       |       |       |     3 |       ||     3
         Petrifying        |       |       |       |       |     2 |       ||     2
 Armour: Robe              |    20 |   100 |   180 |   174 |   358 |       ||   832
         Ring mail         |       |       |       |       |   261 |   410 ||   671
  Dodge: Dodged            |    76 |   184 |   403 |   536 |  1324 |   452 ||  2975
  Block: Kite shield       |       |       |       |       |   119 |   774 ||   893
         Reflection        |       |       |       |       |     2 |    24 ||    26

Table legend: (Time is in decaauts)
 A = Elapsed time spent in this place.
 B = Non-inter-level travel time spent in this place.
 C = Inter-level travel time spent in this place.
 D = Time resting spent in this place.
 E = Time spent auto-exploring this place.
 F = Levels seen in this place.
 G = Mean time per level.
                   A        B        C        D        E       F      G
               +--------+--------+--------+--------+--------+-----+--------+
         Total |  34894 |  33148 |   1746 |   7283 |  17483 |  29 | 1203.2 |
       Dungeon |  16111 |  15247 |    864 |   1808 |   9930 |  15 | 1074.1 |
        Temple |     23 |      1 |     22 |      0 |      0 |   1 |   23.0 |
          Lair |   8142 |   7690 |    452 |   1744 |   4171 |   5 | 1628.4 |
         Swamp |   4846 |   4714 |    132 |   2105 |   1289 |   3 | 1615.3 |
     Snake Pit |   2065 |   2003 |     62 |    372 |   1000 |   2 | 1032.5 |
  Orcish Mines |   3136 |   2924 |    212 |   1254 |    724 |   2 | 1568.0 |
         Sewer |    568 |    568 |      0 |      0 |    368 |   1 |  568.0 |
               +--------+--------+--------+--------+--------+-----+--------+

Top non-repeatable levels by time:
  Lair:5: 2238 daAuts
    D:14: 2111 daAuts
 Swamp:3: 2081 daAuts
 Snake:1: 1946 daAuts
  Lair:4: 1782 daAuts
  Lair:2: 1721 daAuts
   Orc:1: 1663 daAuts
 Swamp:1: 1485 daAuts
   Orc:2: 1473 daAuts
     D:6: 1419 daAuts
  Lair:3: 1359 daAuts
    D:11: 1352 daAuts
     D:5: 1323 daAuts
    D:15: 1287 daAuts
 Swamp:2: 1280 daAuts
